Map: Tokamak LE

Players

ManlyManMeat

  • Race: Protoss Protoss
  • League: Master
  • Spawn Location: 7:00

martin - Winner!

  • Race: Zerg Zerg
  • League: Master
  • Spawn Location: 1:00

VOD

Have the link to the VOD?

Description

Time

  • Played on: June 13, 2025, 5:35 p.m.
  • Length: 9:29
Show
View Real Time Build Order
Export as new Build Order

ManlyManMeat Protoss 

Build Orders: 1 Gate Expand 

Get SALT Encoding   

  12  0:00  Probe  
  13  0:12  Probe  
  14  0:20  Pylon  
  14  0:24  Probe  
  15  0:34  Probe  
  16  0:46  Gateway  
  16  0:52  Gateway  
  16  0:54  Probe  
  17  1:06  Probe  
  18  1:17  Probe  
  18  1:25  Probe  
  19  1:33  Nexus  
  19  1:35  Probe  
  20  1:42  Assimilator  
  20  1:49  Zealot  
  22  2:05  Pylon  
  22  2:07  Cybernetics Core  
  22  2:23  Zealot  
  22  2:28  Pylon  
  24  2:32  Zealot  
  26  2:41  Probe  
  27  2:46  Probe  
  27  2:48  Robotics Facility  
  28  2:53  Probe  
  28  2:54  Probe  
  29  2:59  Warp Gate  
  29  3:04  Probe  
  30  3:06  Probe  
  30  3:12  Stalker  
  32  3:16  Probe  
  32  3:18  Probe  
  36  3:23  Assimilator  
  36  3:27  Assimilator  
  34  3:29  Probe  
  34  3:30  Probe  
  36  3:42  Stalker, Probe  
  36  3:46  Zealot  
  36  3:48  Probe  
  42  3:54  Probe  
  43  3:58  Observer  
  43  4:00  Probe  
  45  4:11  Probe  
  45  4:12  Probe  
  47  4:17  Nexus  
  47  4:34  Probe x2  
  49  4:46  Probe, Gateway  
  49  4:47  Gateway  
  49  4:49  Gateway  
  49  4:50  Gateway  
  50  5:21  Stalker x2  
  50  5:25  Pylon  
  54  5:29  Probe x2  
  54  5:33  Assimilator  
  54  5:35  Probe  
  57  5:41  Probe x2  
  59  5:47  Zealot x6, Probe  
  72  5:53  Probe x2  
  74  5:59  Probe  
  75  6:05  Probe x2  
  75  6:07  Forge  
  75  6:09  Twilight Council  
  75  6:11  Gateway  
  77  6:25  Pylon  
  77  6:27  Pylon x2  
  77  6:30  Forge  
  77  6:31  Forge  
  77  6:34  Forge  
  77  6:43  Warp Prism  
  77  6:46  Charge  
  79  6:52  Templar Archives  
  79  6:56  Observer  
  79  7:01  Zealot x6  
  91  7:21  Immortal  
  95  7:34  Pylon  
  95  7:37  Stalker x2, Pylon  
  95  7:38  Stalker, Assimilator  
  95  7:42  Pylon, Assimilator  
  95  7:43  Pylon  
  101  7:51  Pylon  
  101  7:53  Pylon  
  101  7:54  Pylon  
  101  7:56  Pylon  
  101  7:57  Pylon  
  97  7:58  Stalker  
  97  7:59  Stalker x2  
  95  8:07  Stalker  
  95  8:08  Stalker x2  
  85  8:24  Pylon  
  85  8:27  Pylon x2  
  85  8:30  Shield Battery  
  85  8:31  Photon Cannon  
  85  8:32  Photon Cannon  
  85  8:33  Stalker x4  
  85  8:34  Stalker x2  
  93  8:38  Probe x2  
  93  8:39  Probe  
  76  8:50  Probe  
  76  8:51  Probe  
  67  9:05  Zealot  
  67  9:06  Zealot x4  
Show
View Real Time Build Order
Export as new Build Order

martin Zerg - Winner!

Build Orders: Hatch First 

Get SALT Encoding   

  12  0:00  Drone  
  13  0:08  Drone  
  14  0:16  Overlord  
  14  0:38  Hatchery  
  13  0:43  Drone  
  13  0:49  Drone  
  15  0:55  Drone x2  
  17  1:01  Extractor  
  16  1:05  Drone  
  16  1:19  Spawning Pool  
  16  1:20  Drone  
  16  1:26  Drone  
  17  1:39  Drone  
  18  1:47  Drone  
  18  1:52  Drone  
  20  1:58  Drone  
  21  2:02  Drone, Hatchery  
  21  2:10  Drone  
  21  2:12  Drone  
  23  2:20  Overlord  
  23  2:23  Drone  
  24  2:31  Lair  
  24  2:34  Queen  
  26  2:39  Drone  
  26  2:40  Drone  
  26  2:42  Drone  
  29  2:47  Overlord  
  29  2:52  Drone  
  29  2:55  Drone  
  31  3:03  Extractor  
  31  3:04  Drone  
  31  3:06  Drone  
  31  3:09  Spine Crawler  
  31  3:11  Spine Crawler  
  29  3:23  Drone x3  
  29  3:26  Drone  
  29  3:27  Queen  
  34  3:35  Drone x3  
  34  3:38  Drone  
  34  3:39  Drone  
  39  3:48  Drone x2  
  39  3:49  Drone  
  39  3:52  Queen  
  44  3:57  Overlord  
  44  3:59  Drone  
  44  4:00  Drone  
  44  4:02  Drone  
  47  4:07  Queen  
  49  4:15  Queen  
  49  4:17  Overlord  
  50  4:30  Spine Crawler  
  48  4:31  Spine Crawler  
  48  4:33  Zergling x10  
  48  4:34  Zergling x2  
  53  4:49  Extractor  
  52  4:55  Metabolic Boost  
  52  4:57  Drone x8  
  60  5:14  Extractor  
  60  5:15  Drone x5  
  60  5:16  Drone x2  
  66  5:21  Spire  
  66  5:22  Drone  
  66  5:23  Overlord  
  66  5:32  Spine Crawler  
  66  5:34  Spine Crawler  
  66  5:35  Spine Crawler  
  63  5:39  Extractor, Drone x4  
  63  5:40  Extractor  
  65  5:43  Drone  
  65  5:44  Drone x3  
  65  5:47  Drone  
  70  5:59  Overseer  
  70  6:06  Spire  
  70  6:09  Drone x6, Spore Crawler  
  74  6:11  Spore Crawler  
  74  6:12  Overlord  
  74  6:14  Drone  
  74  6:29  Drone, Evolution Chamber  
  74  6:31  Evolution Chamber  
  73  6:33  Drone x4  
  77  6:43  Drone  
  78  6:50  Zerg Flyer Weapons Level 1  
  78  6:52  Drone x4  
  78  6:53  Overlord  
  78  6:54  Overlord x2  
  82  7:14  Mutalisk x7  
  95  7:23  Mutalisk x5  
  95  7:27  Overlord x2  
  95  7:28  Overlord x2  
  105  7:35  Spine Crawler x2  
  103  7:37  Spine Crawler  
  103  7:39  Hydralisk Den  
  96  8:05  Mutalisk x7  
  110  8:18  Zergling x8  
  110  8:19  Zergling x26  
Tags
 
Add a new tag
Caveats
  • Supply blocks, unpowered buildings, or Contaminate may cause inaccurate times.
  • Supply counts are checked every 10 seconds.